Kradschützen Motorcycle Team
Construct Light Support Kompanie
Selects Defensive Operations
Selects Prepared Positions
le.IG 18 Support Gun Team
Pak 38 Anti-tank Gun Team
Construct Panzerarmee Kommand
Selects Obice 305mm Barrage
Walking Stuka Rocket Launcher
Selects Registered Artillery
Selects Towed Cannone da 105/28 Field Howitzer
Construct Mechanized Kompanie
Marder III Tank Destroyer
Marder III Tank Destroyer
18-tonne Recovery Half-track
Flak 36 Anti-tank Gun Team